 Dungeon Crawl Stone Soup version 0.19.5 (webtiles) character file.

349 plaisi the Chopper (level 6, -4/53 HPs)
             Began as a Minotaur Berserker on Mar 20, 2017.
             Was a Believer of Trog.
             Killed by divine providence
             ... invoked by an orc priest
              (13 damage)
             ... on level 4 of the Dungeon.
             The game lasted 00:18:29 (2856 turns).

plaisi the Chopper (Minotaur Berserker)             Turns: 2856, Time: 00:18:29

Health: -4/53      AC: 10    Str: 23    XL:     6   Next: 33%
Magic:  5/5        EV:  9    Int:  4    God:    Trog [**....]
Gold:   212        SH:  0    Dex: 14    Spells: 0 memorised, 5 levels left

rFire  . . .     SeeInvis .     a - +0 hand axe
rCold  . . .     Gourm    .     x - +0 chain mail
rNeg   . . .     Faith    .     (no shield)
rPois  .         Spirit   .     (helmet restricted)
rElec  .         Reflect  .     o - +0 cloak
rCorr  .         Harm     .     (no gloves)
MR     .....                    (no boots)
Stlth  ..........               E - amulet of rage
                                (no ring)
                                w - +4 ring of dexterity

@: exhausted, drained
A: retaliatory headbutt, horns 2
a: Berserk, Trog's Hand, Burn Spellbooks, Renounce Religion, Evoke Berserk Rage


You were on level 4 of the Dungeon.
You worshipped Trog.
Trog was pleased with you.
You were not hungry.

You visited 1 branch of the dungeon, and saw 4 of its levels.

You collected 212 gold pieces.

Inventory:

Hand Weapons
 a - a +0 hand axe (weapon)
 h - a +0 hunting sling
 i - a +0 hand axe
 r - a +0 flail of venom
 C - a +0 club
 D - a +2 hunting sling of freezing
 F - a +0 mace of holy wrath
Armour
 b - a +0 animal skin
 o - a +0 cloak (worn)
 v - a +0 leather armour
 x - a +0 chain mail (worn)
 A - a +0 ring mail
 K - a +0 chain mail
Jewellery
 w - a +4 ring of dexterity (left hand)
 E - an amulet of rage (around neck)
 G - an uncursed ring of protection from fire {unknown}
Scrolls
 d - a scroll of fog {unknown}
 f - 2 scrolls of remove curse
 j - a scroll of fear {unknown}
 m - a scroll of enchant armour {unknown}
 n - a scroll of random uselessness {unknown}
 p - a scroll of enchant weapon {unknown}
 q - a scroll of magic mapping
 y - 3 scrolls of identify
Potions
 e - a potion of heal wounds {unknown}
 g - 2 potions of lignification {unknown}
 l - a potion of cancellation {unknown}
 t - 2 potions of haste {unknown}
 u - 2 potions of degeneration
 z - a potion of cure mutation {unknown}
 B - a potion of flight {unknown}
 H - a potion of might {unknown}
 I - a potion of brilliance {unknown}
Comestibles
 c - 5 bread rations
 k - 2 royal jellies
 J - 7 chunks of flesh


   Skills:
 + Level 4.6(3.8) Fighting
 + Level 6.9(6.0) Axes
 + Level 3.4(2.6) Armour
 + Level 3.3(2.5) Dodging
 + Level 0.8(0.0) Stealth


You had 5 spell levels left.
You didn't know any spells.

Dungeon Overview and Level Annotations

Branches:
Dungeon (4/15)
 Temple: D:4-7

Altars:
Uskayaw


Innate Abilities, Weirdness & Mutations

You reflexively headbutt those who attack you in melee.
You have a pair of horns on your head.


Message History

You hit something but do no damage. You barely miss the orc priest.
You hear some strange, mumbled words.
A magic dart appears from out of thin air!
The magic dart hits you!
* * * LOW HITPOINT WARNING * * *
You hit something but do no damage. You headbutt something.
Trog accepts your kill.
Trog appreciates your killing of a magic user.
Reactivating autopickup.
You feel a bit more experienced.
You closely miss the orc priest.
The orc priest looks braver for a moment.
You slash the orc priest! Your headbutt misses the orc priest.
The orc priest is almost dead.
The orc priest hits you but does no damage.
You feel drained.
You closely miss the orc priest.
The orc priest is almost dead.
The orc priest invokes the aid of Beogh against you.
Beogh smites you!
You die...

##..................#
....######..........#
##### #..........#
...## #.....))...#
....######.........##
#.....<...........##
######...........##
#####.....o$#
#......)@#
#..##..#### #.# ##..#
# #. ##)##### # .
#.....### # .
###.)...# .
....#####.....#
...{.o.?......#
.a....###.....#


You could see an orc priest.

Vanquished Creatures
  Edmund (D:4)
  An ogre (D:4)
  2 orc wizards (D:4)
  An adder (D:3)
  A worm (D:2)
  A dart slug (D:1)
  A leopard gecko (D:1)
  11 orcs
  13 bats
  2 giant cockroaches
  11 goblins
  7 hobgoblins
  2 quokkas (D:3)
  5 frilled lizards
  7 kobolds
  5 rats
71 creatures vanquished.

Notes
Turn   | Place    | Note
-------+----------+-------------------------------------------
     0 | D:1      | plaisi the Minotaur Berserker began the quest for the Orb.
     0 | D:1      | Reached XP level 1. HP: 19/19 MP: 0/0
   251 | D:1      | Reached skill level 4 in Axes
   279 | D:1      | Reached XP level 2. HP: 27/27 MP: 1/1
   712 | D:1      | Reached XP level 3. HP: 28/33 MP: 2/2
   822 | D:2      | Reached ** piety under Trog
  1901 | D:3      | Reached skill level 5 in Axes
  1903 | D:3      | Reached XP level 4. HP: 40/40 MP: 3/3
  1978 | D:3      | Found a hide-covered altar of Uskayaw.
  2088 | D:3      | fag
  2747 | D:4      | Noticed Edmund
  2757 | D:4      | Killed Edmund
  2757 | D:4      | Reached skill level 6 in Axes
  2757 | D:4      | Reached XP level 5. HP: 47/47 MP: 4/4
  2808 | D:4      | Noticed an ogre
  2816 | D:4      | Killed an ogre
  2816 | D:4      | Reached XP level 6. HP: 53/53 MP: 5/5
  2856 | D:4      | Killed from afar by an orc priest

Skill      XL: |  1  2  3  4 |
---------------+-------------+-----
Axes           | 4 5 6 |  6.9
Fighting       | 4 |  4.6
Armour         | 3 |  3.4
Dodging        | 3 |  3.3
Stealth        | |  0.8

Action                   |  1- 3 |  4- 6 || total
-------------------------+-------+-------++-------
Melee: Hand axe          |    93 |    60 ||   153
       Headbutt          |    19 |    14 ||    33
Throw: Stone             |       |     1 ||     1
Invok: Berserk           |     3 |     3 ||     6
       Trog's Hand       |     1 |       ||     1
  Use: Scroll            |     4 |     2 ||     6
       Potion            |       |     3 ||     3
  Eat: Bread ration      |     1 |     1 ||     2
       Chunk             |       |     3 ||     3
Armor: Animal skin       |    24 |       ||    24
       Leather armour    |     4 |       ||     4
       Chain mail        |     2 |    38 ||    40
Dodge: Dodged            |    90 |    25 ||   115
